 Dungeon Crawl Stone Soup version 0.29-a0-914-g906f1d757c (webtiles) character file.

Game seed: 14192965042329028651

1890 bonfidx the Covert (level 8, -9/36 HPs)
             Began as a Spriggan Enchanter on July 26, 2022.
             Was a Believer of Dithmenos.
             Killed by divine providence
             ... invoked by an orc priest
              (15 damage)
             ... on level 7 of the Dungeon.
             The game lasted 00:14:06 (6675 turns).

bonfidx the Covert (Spriggan Enchanter)             Turns: 6675, Time: 00:14:10

Health: -9/36      AC:  4    Str:  8    XL:     8   Next: 92%
Magic:  11/30      EV: 17    Int: 16    God:    Dithmenos [**....]
Gold:   320        SH:  0    Dex: 19    Spells: 10/23 levels left

rFire   + . .      SeeInvis +   i - +6 dagger of Living Innocence {flame, rCorr Str+3}
rCold   . . .      Faith    .   (no shield)
rNeg    . . .      Spirit   .   h - +1 robe {rF+}
rPois   .          Reflect  .   (helmet restricted)
rElec   .          Harm     .   l - +0 cloak
rCorr   +          Rampage  .   (gloves unavailable)
Will    +....                   (boots unavailable)
Stlth   +++++++...              (no amulet)
HPRegen 0.12/turn               g - ring of magical power
MPRegen 0.22/turn               (no ring)

@: wreathed by umbra, very quick
A: very small, no large weapons, unfitting armour, see invisible, speed 3, agile
1, wild magic 1
a: Renounce Religion, Shadow Step


You were on level 7 of the Dungeon.
You worshipped Dithmenos.
Dithmenos was pleased with you.
You visited 2 branches of the dungeon, and saw 8 of its levels.

You collected 320 gold pieces.

Inventory:

Hand Weapons
 a - a +1 dagger of freezing
 i - the +6 dagger of Living Innocence (weapon) {flame, rCorr Str+3}
   (You found it on level 2 of the Dungeon)

   It burns those it strikes, dealing additional fire damage.
   Str:       It affects your strength (+3).
   rCorr:     It protects you from acid and corrosion.
 n - a +2 dagger of draining
Armour
 h - a +1 robe of fire resistance (worn)
 l - a +0 cloak (worn)
Jewellery
 g - a ring of magical power (left hand)
 o - the ring "Bethodukk" {rCorr Str+6}
   (You took it off an orc on level 5 of the Dungeon)

   [ring of strength]

   Str:       It affects your strength (+6).
   rCorr:     It protects you from acid and corrosion.
 q - a ring of fire
 r - a ring of fire
Wands
 c - a wand of charming (1)
 k - a wand of digging (8)
Scrolls
 m - a scroll of teleportation
 p - a scroll of identify
Potions
 b - 4 potions of curing
 d - a potion of brilliance
 e - 4 potions of magic
 f - a potion of heal wounds
 j - 2 potions of lignification
 s - a potion of mutation
 t - a potion of ambrosia


   Skills:
 - Level 1.1 Short Blades
 - Level 2.6 Dodging
 + Level 12.3 Stealth
 - Level 8.0 Spellcasting
 - Level 8.3 Hexes


You had 10 spell levels left.
You knew the following spells:

 Your Spells              Type           Power      Damage    Failure   Level
a - Ensorcelled Hibernat  Hex/Ice        50%        N/A       5%          2
b - Tukima's Dance        Hex            43%        N/A       2%          3
c - Dazzling Flash        Conj/Hex       50%        N/A       10%         3
d - Confusing Touch       Hex            43%        N/A       2%          3
e - Passwall              Tmut/Erth      6%         N/A       24%         2

Your spell library contained the following spells:

 Spells                   Type           Power      Damage    Failure   Level
 Inner Flame              Hex/Fire       25%        N/A       10%         3
 Portal Projectile        Hex/Tloc       50%        N/A       10%         3
 Apportation              Tloc           16%        N/A       16%         1
 Beastly Appendage        Tmut           16%        N/A       16%         1
 Necrotise                Necr           32%        1d5       16%         1
 Summon Small Mammal      Summ           32%        N/A       16%         1
 Wereblood                Tmut           8%         N/A       24%         2
 Leda's Liquefaction      Hex/Erth       12%        N/A       28%         4
 Call Canine Familiar     Summ           8%         N/A       41%         3
 Conjure Flame            Conj/Fire      8%         6-21      41%         3
 Spider Form              Tmut/Pois      8%         N/A       41%         3
 Animate Dead             Necr           8%         N/A       80%         4
 Ice Form                 Ice/Tmut       8%         N/A       80%         4
 Borgnjor's Vile Clutch   Necr/Erth      4%         N/A       98%         5
 Death Channel            Necr           4%         N/A       100%        6
 Haunt                    Necr/Summ      4%         N/A       100%        7
 Infestation              Necr           4%         N/A       100%        8


Dungeon Overview and Level Annotations

Branches:
Dungeon (7/15)             Temple (1/1) D:4

Altars:
Ashenzari
Cheibriados
Dithmenos
Elyvilon
Fedhas
Gozag
Hepliaklqana
Qazlal
Ru
Uskayaw
Vehumet
Xom
Yredelemnul
Zin
The Shining One

Shops:
D:5 (   D:6 (


Innate Abilities, Weirdness & Mutations

You are very small and have problems with some larger weapons.
You are too small for most types of armour.
You have supernaturally acute eyesight. (SInv)
You cover ground extremely quickly. (Speed+++)
You are agile. (Dex +4, Str/Int -1)
Your spells are a little harder to cast, but a little more powerful.


Message History

The orc priest struggles to resist.
Unknown command.
Casting: Tukima's Dance (dangerous; 2% risk of failure)
Confirm with . or Enter, or press ? or * to list all spells.
Aiming: Tukima's Dance (dangerous; 2% risk of failure)
Press: ? - help, Shift-Dir - straight line, f/p - orc priest
Aim: an orc priest, wielding a +0 hand axe (chance to affect: 67%)
The +0 hand axe dances into the air!
Unknown command.
Casting: Tukima's Dance (dangerous; 2% risk of failure)
Confirm with . or Enter, or press ? or * to list all spells.
Aiming: Tukima's Dance (dangerous; 2% risk of failure)
Press: ? - help, Shift-Dir - straight line, f - orc warrior, p - orc priest
Aim: an orc warrior, wielding a +0 long sword and wearing a +0 chain mail (umbra, chance to affect: 67%)
The orc warrior struggles to resist.
The orc priest casts a cantrip, but nothing happens.
Unknown command.
Casting: Tukima's Dance (dangerous; 2% risk of failure)
Confirm with . or Enter, or press ? or * to list all spells.
Aiming: Tukima's Dance (dangerous; 2% risk of failure)
Press: ? - help, Shift-Dir - straight line, f/p - orc warrior
Aim: an orc warrior, wielding a +0 long sword and wearing a +0 chain mail (umbra, chance to affect: 67%)
The +0 long sword dances into the air!
The orc priest invokes the aid of Beogh against you.
Beogh smites you! The orc warrior completely misses you.
You are too injured to fight recklessly!
Unknown command.
You are too injured to fight recklessly!
You hit the orc warrior. You burn the orc warrior.
The orc warrior is lightly wounded.
The orc warrior hits you!
* * * LOW HITPOINT WARNING * * *
The orc priest begins to cast a cantrip, but forgets the words!
You barely miss the orc warrior.
The orc warrior is lightly wounded.
Your +0 hand axe hits the orc priest.
An orc comes into view. It is wielding a +0 club.
The orc priest invokes the aid of Beogh against you.
Beogh smites you!
You die...

######.#.#####....
#.................
...####<##..###...
###..###.###...
###...#...........
..........$.......
#..##.....##....###
.. #...$..##.##.# #
#.o@......# .#
...(o(†......... #
.##..............
.............###.
o####........#
##.........
.........#
..........


You could see an orc warrior (ally target), an orc priest (ally target), an orc
and 2 friendly dancing weapons.

Vanquished Creatures
  A wyvern (D:6)
  2 vampire mosquitoes (D:6)
  A water moccasin (D:5)
  A sky beast (D:6)
  3 ogres
  A phantom (D:6)
  A bullfrog (D:6)
  2 necrophages
  4 scorpions
  2 orc priests
  2 hounds
  A jelly (D:4)
  A gnoll bouda (D:6)
  Jessica (D:2)
  4 iguanas
  Ijyb (D:5)
  2 orc wizards
  3 gnolls
  5 adders
  An ufetubus (D:4)
  2 dart slugs
  12 orcs
  3 bats
  4 endoplasms
  A giant cockroach (D:3)
  7 hobgoblins
  6 quokkas
  3 ball pythons
  10 frilled lizards
  8 goblins
  5 kobolds
  3 rats
103 creatures vanquished.

Vanquished Creatures (collateral kills)
  3 gnolls (D:6)
3 creatures vanquished.

Vanquished Creatures (others)
  A dancing weapon (D:4)
1 creature vanquished.

Grand Total: 107 creatures vanquished

Notes
Turn   | Place    | Note
-------+----------+-------------------------------------------
     0 | D:1      | bonfidx the Spriggan Enchanter began the quest for the Orb.
     0 | D:1      | Reached XP level 1. HP: 9/9 MP: 5/5
   539 | D:2      | Identified the +6 dagger of Living Innocence {flame, rCorr
                  | Str+3}
   802 | D:2      | Noticed Jessica
   804 | D:2      | Killed Jessica
   805 | D:2      | Reached XP level 2. HP: 13/13 MP: 5/7
   805 | D:2      | Reached XP level 3. HP: 16/16 MP: 6/9
   809 | D:2      | Learned a level 3 spell: Tukima's Dance
   813 | D:2      | Learned a level 3 spell: Confusing Touch
   816 | D:2      | Learned a level 2 spell: Ensorcelled Hibernation
  1399 | D:1      | Found a faded altar of an unknown god.
  2075 | D:3      | Reached skill level 5 in Hexes
  2075 | D:3      | Reached XP level 4. HP: 21/21 MP: 11/11
  2245 | D:3      | Found a sacrificial altar of Ru.
  2392 | D:3      | Learned a level 3 spell: Dazzling Flash
  3000 | D:4      | Found a staircase to the Ecumenical Temple.
  3010 | Temple   | Entered the Ecumenical Temple
  3163 | Temple   | Became a worshipper of Dithmenos the Shadowed
  3323 | D:4      | Reached skill level 5 in Spellcasting
  3323 | D:4      | Reached XP level 5. HP: 24/24 MP: 13/13
  3381 | D:4      | Got the Octavo of the Inconstant Pyromaniac
  3422 | D:4      | Learned a level 2 spell: Passwall
  3637 | D:4      | Noticed an ogre
  4140 | D:4      | Killed an ogre
  4141 | D:4      | Reached XP level 6. HP: 28/28 MP: 16/16
  4173 | D:4      | Found a large runed translucent door.
  4173 | D:4      | Found a large runed translucent door.
  4339 | D:4      | Found a white marble altar of Elyvilon.
  4356 | D:4      | Found a radiant altar of Vehumet.
  4417 | D:5      | Entered Level 5 of the Dungeon
  4535 | D:5      | Found Ibruovi's Weapon Shoppe.
  4577 | D:5      | Reached * piety under Dithmenos
  4595 | D:5      | Reached XP level 7. HP: 32/32 MP: 18/18
  4619 | D:5      | Gained mutation: You are weak. (Str -2) [potion of
                  | mutation]
  4748 | D:5      | Noticed Ijyb
  4749 | D:5      | Identified the ring "Bethodukk" {rCorr Str+6}
  4793 | D:5      | Killed Ijyb
  5212 | D:6      | Found a glowing silver altar of Zin.
  5244 | D:6      | Reached skill level 5 in Stealth
  5254 | D:6      | Reached skill level 6 in Stealth
  5254 | D:6      | Reached XP level 8. HP: 26/36 MP: 21/21
  5413 | D:6      | Identified the -1 pair of boots of Objectivity {*Slow rPois
                  | Int+2}
  5512 | D:6      | Lost mutation: You are weak. (Str -2) [potion of mutation]
  5512 | D:6      | Gained mutation: Your spells are a little harder to cast,
                  | but a little more powerful. [potion of mutation]
  5512 | D:6      | Gained mutation: You are agile. (Dex +4, Str/Int -1)
                  | [potion of mutation]
  5602 | D:6      | Found a broken altar of Ashenzari.
  5613 | D:6      | Found Nobbuc's Weapon Shop.
  5634 | D:6      | Reached skill level 7 in Stealth
  5832 | D:6      | Reached skill level 8 in Stealth
  5899 | D:6      | Reached skill level 9 in Stealth
  5926 | D:6      | Reached skill level 10 in Stealth
  6069 | D:6      | Reached skill level 11 in Stealth
  6310 | D:6      | Found a snail-covered altar of Cheibriados.
  6310 | D:6      | Found a hazy altar of Hepliaklqana.
  6311 | D:6      | Found an opulent altar of Gozag.
  6402 | D:6      | Reached skill level 12 in Stealth
  6619 | D:7      | Reached ** piety under Dithmenos
  6675 | D:7      | Killed from afar by an orc priest

Illustrated notes

Levels and vault maps discovered:
D:1:      nicolae_arrival_washed_ashore, layout_basic,
          shapermc_ecumenical_altar_hornbeckon, due_unseen_surprise
D:2:      layout_basic, minmay_lizard_pond, uniq_jessica
D:3:      layout_loops_corners, nicolae_ru_great_annihilating_truth,
          serial_aquarium, aquarium_bridge_square [aquarium_subvault_bridge,
          aquarium_subvault_wall, aquarium_subvault_window,
          aquarium_subvault_wall], aquarium_bridge_straight
          [aquarium_subvault_bridge, aquarium_subvault_window,
          aquarium_subvault_bridge, aquarium_subvault_wall], aquarium_window_1,
          aquarium_window_3, aquarium_view_2a, aquarium_pool_1
D:4:      layout_cave_pools, jmf_multi_god_temple2,
          minmay_temple_entry_offerings
D:5:      layout_rooms, serial_shops, shop, uniq_ijyb
D:6:      layout_loops_corners, gammafunk_temple_overflow_claw,
          mainiacjoe_overflow_cross_hatched, mainiacjoe_overflow_brackets,
          serial_shops, nicolae_shop_stone, amcnicky_mini_corridor_feature
D:7:      layout_rooms, minmay_hollow_rounded_squares
Temple:   dpeg_chambers_temple

Skill      XL: |  1  2  3  4  5  6  7  8 |
---------------+-------------------------+-----
Spellcasting   | 3 4 5 6 8 |  8.0
Hexes          | 4 5 6 7 8 |  8.3
Stealth        | 6 12 | 12.3
Short Blades   | |  1.1
Dodging        | |  2.6

Action                   |  1- 3 |  4- 6 |  7- 9 || total
-------------------------+-------+-------+-------++-------
Melee: Dagger            |    80 |    82 |   128 ||   290
       Punch             |     1 |     1 |     1 ||     3
 Cast: Ensorcelled Hiber |     3 |     7 |    11 ||    21
       Tukima's Dance    |       |     2 |    11 ||    13
       Passwall          |       |     2 |       ||     2
       Confusing Touch   |       |       |     4 ||     4
  Use: Scroll            |     8 |     7 |     4 ||    19
       Potion            |     1 |       |     5 ||     6
 Stab: Sleeping          |    14 |    11 |     9 ||    34
       Paralysed         |       |     1 |       ||     1
       Confused          |       |       |     3 ||     3
       Invisible         |       |       |     1 ||     1
Armor: Robe              |     8 |     7 |     9 ||    24
Dodge: Dodged            |    44 |    40 |    78 ||   162

Table legend: (Time is in decaauts)
 A = Elapsed time spent in this place.
 B = Non-inter-level travel time spent in this place.
 C = Inter-level travel time spent in this place.
 D = Time resting spent in this place.
 E = Time spent auto-exploring this place.
 F = Levels seen in this place.
 G = Mean time per level.
                   A        B        C        D        E       F      G
               +--------+--------+--------+--------+--------+-----+--------+
         Total |   5103 |   4809 |    294 |    773 |   3112 |   8 |  637.9 |
       Dungeon |   4863 |   4577 |    286 |    641 |   3037 |   7 |  694.7 |
        Temple |    240 |    232 |      8 |    132 |     75 |   1 |  240.0 |
               +--------+--------+--------+--------+--------+-----+--------+

Top non-repeatable levels by time:
     D:6: 1041 daAuts
     D:3: 1009 daAuts
     D:1: 791 daAuts
     D:4: 680 daAuts
     D:2: 664 daAuts
     D:5: 611 daAuts
  Temple: 240 daAuts
     D:7: 65 daAuts
